Map: Magma Mines

Players

Damrud - Winner!

  • Race: Zerg Zerg
  • League: Master
  • Spawn Location: 11:00

bOdziOWolf - Winner!

  • Race: Protoss Protoss
  • League: Diamond
  • Spawn Location: 9:00

Loken

  • Race: Zerg Zerg
  • League: Platinum
  • Spawn Location: 3:00

dallaskuken

  • Race: Protoss Protoss
  • League: Platinum
  • Spawn Location: 1:00

VOD

Have the link to the VOD?

Description

Time

  • Played on: March 25, 2017, 12:01 p.m.
  • Length: 8:59
Show
View Real Time Build Order
Export as new Build Order

Damrud Zerg - Winner!

Build Orders: Pool First, Zergling Baneling 

Get SALT Encoding   

  12  0:01  Drone  
  13  0:12  Overlord  
  13  0:18  Drone  
  14  0:30  Drone  
  14  0:31  Drone  
  14  0:34  Drone  
  17  0:45  Spawning Pool  
  17  0:49  Extractor  
  15  0:50  Drone  
  15  0:56  Drone  
  17  1:06  Drone  
  18  1:19  Overlord  
  18  1:33  Queen  
  18  1:34  Zergling x2  
  21  1:41  Zergling x2  
  21  1:46  Baneling Nest  
  21  1:50  Zergling x2  
  22  2:08  Drone  
  23  2:12  Queen  
  23  2:15  Metabolic Boost  
  25  2:21  Drone  
  26  2:31  Drone  
  26  2:35  Hatchery  
  26  2:44  Overlord  
  26  2:45  Drone  
  26  2:47  Drone  
  28  2:59  Drone x2  
  30  3:06  Baneling x5  
  30  3:13  Drone x3  
  30  3:18  Overlord  
  33  3:23  Drone  
  34  3:31  Drone  
  33  3:38  Zergling x2  
  33  3:45  Zergling x4  
  33  3:46  Zergling x2  
  36  3:49  Zergling x2  
  39  3:59  Zergling x2  
  39  4:00  Zergling x2  
  41  4:08  Zergling x4  
  41  4:17  Drone  
  41  4:18  Drone x2  
  41  4:19  Drone  
  41  4:22  Baneling x5  
  41  4:23  Baneling x2  
  45  4:26  Drone, Extractor  
  45  4:30  Drone  
  46  4:32  Drone  
  46  4:33  Drone  
  46  4:35  Hatchery, Drone  
  46  4:36  Extractor  
  43  4:46  Drone x2  
  43  4:47  Drone  
  41  5:00  Drone, Extractor  
  41  5:01  Drone x2  
  41  5:02  Drone  
  44  5:09  Overlord  
  44  5:11  Lair  
  44  5:14  Drone  
  44  5:16  Roach Warren  
  44  5:21  Drone x4  
  47  5:27  Drone  
  49  5:29  Drone x3  
  49  5:33  Drone x2  
  49  5:34  Drone, Evolution Chamber  
  49  5:35  Drone  
  55  5:37  Evolution Chamber  
  54  5:49  Drone x4  
  58  5:50  Queen  
  58  5:54  Overlord  
  60  6:00  Zerg Missile Weapons Level 1  
  60  6:03  Zerg Ground Armor Level 1  
  60  6:04  Roach x3  
  66  6:06  Overlord x2  
  66  6:12  Glial Reconstitution  
  66  6:15  Overlord  
  66  6:20  Spine Crawler  
  66  6:21  Spine Crawler  
  66  6:22  Roach  
  66  6:26  Roach x2  
  66  6:27  Roach x5  
  82  6:33  Roach  
  82  6:34  Overlord x2  
  82  6:52  Roach x5  
  82  6:53  Roach x2  
  96  6:55  Ravager x2  
  96  6:57  Overlord  
  98  7:11  Extractor  
  98  7:12  Extractor  
  98  7:13  Roach  
  98  7:15  Overlord  
  98  7:16  Zergling x2, Overlord  
  98  7:17  Zergling x14  
  101  7:27  Roach x3  
  101  7:28  Roach  
  102  7:34  Roach x4  
  102  7:36  Roach x3  
  116  7:45  Drone x2  
  116  7:48  Drone  
  119  7:54  Drone x2  
  119  7:57  Hatchery  
  119  8:01  Drone  
  119  8:03  Ravager  
  119  8:04  Ravager x3  
  121  8:06  Overlord x2  
  121  8:09  Overlord x2  
  116  8:29  Roach  
  116  8:30  Roach x9  
  132  8:36  Overseer  
Show
View Real Time Build Order
Export as new Build Order

bOdziOWolf Protoss - Winner!

Build Orders:  

Get SALT Encoding   

  12  0:01  Probe (Chrono Boost)  
  13  0:12  Probe (Chrono Boost)  
  14  0:19  Pylon  
  14  0:22  Probe (Chrono Boost)  
  15  0:37  Probe (Chrono Boost)  
  15  0:41  Gateway  
  16  0:47  Probe (Chrono Boost)  
  16  0:49  Assimilator  
  17  0:58  Probe (Chrono Boost)  
  18  1:08  Probe (Chrono Boost)  
  19  1:19  Probe (Chrono Boost)  
  20  1:30  Probe (Chrono Boost)  
  21  1:33  Cybernetics Core  
  21  1:40  Probe (Chrono Boost)  
  22  1:52  Probe (Chrono Boost)  
  23  2:10  Warp Gate  
  23  2:13  Pylon  
  23  2:15  Gateway  
  23  2:19  Gateway  
  23  2:28  Zealot  
  23  2:34  Mothership Core (Chrono Boost)  
  27  2:52  Nexus  
  27  2:53  Adept  
  29  3:00  Probe (Chrono Boost)  
  30  3:08  Assimilator  
  30  3:20  Robotics Facility  
  30  3:22  Probe (Chrono Boost)  
  30  3:26  Pylon  
  31  3:40  Adept  
  31  3:46  Probe (Chrono Boost)  
  31  3:48  Pylon  
  34  3:51  Pylon  
  34  3:58  Probe (Chrono Boost)  
  34  4:02  Assimilator  
  35  4:04  Warp Prism  
  35  4:05  Assimilator  
  37  4:16  Probe (Chrono Boost)  
  39  4:17  Probe (Chrono Boost)  
  39  4:25  Adept x2  
  39  4:28  Probe (Chrono Boost)  
  39  4:30  Probe (Chrono Boost)  
  46  4:38  Probe (Chrono Boost)  
  46  4:41  Probe (Chrono Boost)  
  46  4:44  Observer  
  48  4:49  Probe (Chrono Boost)  
  49  4:56  Twilight Council  
  49  4:57  Probe (Chrono Boost)  
  50  5:00  Forge, Sentry x2  
  50  5:02  Sentry  
  52  5:23  Adept x2  
  52  5:26  Protoss Ground Armor Level 1  
  56  5:32  Stalker  
  52  5:37  Probe (Chrono Boost)  
  52  5:38  Probe (Chrono Boost)  
  50  5:47  Immortal  
  50  5:48  Probe (Chrono Boost)  
  56  5:51  Probe (Chrono Boost)  
  56  6:06  Pylon  
  56  6:07  Probe (Chrono Boost)  
  56  6:08  Probe (Chrono Boost)  
  56  6:11  Robotics Facility  
  58  6:17  Probe (Chrono Boost)  
  58  6:18  Adept x3  
  66  6:20  Probe (Chrono Boost)  
  66  6:28  Immortal  
  70  6:37  Pylon  
  70  6:39  Adept x3  
  76  6:46  Probe (Chrono Boost)  
  77  6:52  Pylon  
  77  6:53  Immortal  
  81  7:10  Sentry x3, Probe (Chrono Boost)  
  81  7:13  Gateway  
  81  7:15  Gateway  
  88  7:24  Gateway  
  84  7:35  Immortal  
  84  7:37  Adept x3  
  94  8:03  Immortal  
  94  8:07  Pylon  
  94  8:09  Gateway  
  94  8:11  Gateway  
  88  8:13  Gateway  
  86  8:30  Stalker x3  
  94  8:54  Stalker x3  
Show
View Real Time Build Order
Export as new Build Order

Loken Zerg 

Build Orders: Hatch First 

Get SALT Encoding   

  12  0:01  Drone  
  13  0:09  Drone  
  14  0:19  Overlord  
  14  0:40  Drone x2  
  14  0:41  Drone  
  17  0:54  Hatchery  
  16  1:06  Drone x2  
  18  1:16  Spawning Pool  
  17  1:26  Drone  
  17  1:27  Drone  
  19  1:42  Drone  
  20  1:47  Overlord  
  20  1:50  Extractor  
  19  2:08  Queen  
  21  2:09  Queen  
  21  2:11  Drone  
  21  2:12  Drone x2  
  26  2:22  Zergling x4  
  28  2:37  Zergling x4  
  30  2:51  Zergling x2  
  30  2:52  Zergling x6  
  30  2:55  Extractor  
  33  2:59  Metabolic Boost  
  33  3:01  Overlord x2  
  33  3:20  Drone  
  33  3:21  Drone x7  
  26  3:42  Spine Crawler  
  26  3:43  Drone x4  
  29  3:51  Hatchery, Drone x2  
  29  3:52  Drone x2  
  29  3:55  Drone  
  33  3:57  Drone  
  33  3:59  Drone  
  35  4:13  Roach Warren  
  34  4:21  Zergling x10  
  39  4:28  Extractor  
  38  4:31  Extractor  
  38  4:32  Lair  
  34  4:59  Drone x3  
  32  5:14  Roach  
  32  5:15  Roach x7  
  40  5:44  Spine Crawler  
  40  5:47  Drone  
  40  5:48  Drone x8  
  48  5:57  Queen  
  48  6:01  Glial Reconstitution  
  50  6:05  Drone x3  
  53  6:14  Spine Crawler  
  52  6:24  Zergling x10  
  57  6:28  Overlord  
  57  6:41  Overlord x2  
  57  6:42  Overlord  
  57  7:03  Drone x8, Spire  
  42  7:31  Zergling x2  
  42  7:32  Zergling x26  
  42  8:15  Mutalisk x6  
  42  8:16  Mutalisk x2  
  42  8:18  Zergling x2  
  42  8:19  Zergling x8  
Show
View Real Time Build Order
Export as new Build Order

dallaskuken Protoss 

Build Orders:  

Get SALT Encoding   

  12  0:02  Probe (Chrono Boost)  
  13  0:15  Probe (Chrono Boost)  
  14  0:24  Pylon  
  14  0:25  Probe (Chrono Boost)  
  16  0:43  Probe (Chrono Boost)  
  16  0:47  Pylon  
  16  1:02  Forge  
  16  1:16  Pylon  
  16  1:23  Assimilator  
  16  1:36  Photon Cannon  
  16  1:56  Photon Cannon  
  16  1:57  Pylon  
  15  2:08  Gateway  
  15  2:09  Probe (Chrono Boost)  
  16  2:20  Probe (Chrono Boost)  
  17  2:30  Probe (Chrono Boost)  
  17  2:33  Pylon  
  18  2:41  Assimilator, Probe (Chrono Boost)  
  19  2:56  Cybernetics Core  
  19  2:58  Probe (Chrono Boost)  
  20  3:03  Assimilator  
  20  3:07  Zealot  
  20  3:09  Probe (Chrono Boost)  
  23  3:19  Probe (Chrono Boost)  
  24  3:21  Pylon  
  24  3:25  Warp Gate  
  24  3:30  Probe (Chrono Boost)  
  26  3:42  Probe (Chrono Boost)  
  26  3:50  Photon Cannon  
  28  3:55  Mothership Core (Chrono Boost)  
  28  3:58  Pylon  
  28  4:06  Adept  
  30  4:15  Probe (Chrono Boost)  
  31  4:18  Gateway  
  31  4:19  Pylon  
  32  4:33  Probe (Chrono Boost)  
  32  4:34  Stalker  
  34  4:41  Gateway x2  
  34  4:44  Gateway  
  34  5:03  Pylon  
  34  5:05  Pylon  
  28  5:42  Pylon  
  29  5:50  Probe (Chrono Boost)  
  29  5:58  Stalker x4  
  29  5:59  Stalker  
  29  6:02  Probe (Chrono Boost)  
  40  6:29  Nexus  
  40  6:37  Pylon  
  39  6:55  Stalker x3  
  39  6:56  Stalker x2  
  46  7:26  Zealot x2  
  46  7:27  Zealot  
  32  7:47  Zealot x3  
  32  7:48  Zealot  
  40  8:22  Stalker  
Tags
 
Add a new tag
Caveats
  • Supply blocks, unpowered buildings, or Contaminate may cause inaccurate times.
  • Supply counts are checked every 10 seconds.